 Dungeon Crawl Stone Soup version 0.32-a0-984-gb8cfe57ea9 (webtiles) character file.

Game seed: 11758564861965298023

14 Szpic777 the Apothecary (level 2, -8/15 HPs)
             Began as a Deep Elf Alchemist on Apr 21, 2024.
             Mangled by a +2 dire flail of speed (11 damage)
             ... created by the rancor of the Wu Jian Council
             ... on level 1 of the Dungeon.
             The game lasted 00:05:52 (335 turns).

Szpic777 the Apothecary (Deep Elf Alchemist)         Turns: 335, Time: 00:05:53

Health: -8/15      AC: -3    Str:  5    XL:     2   Next: 31%
Magic:  7/8        EV: 11    Int: 19    God:
Gold:   21         SH:  0    Dex: 15    Spells: 6/7 levels left

rFire   . . .        d - +0 dagger
rCold   . . .        (no shield)
rNeg    . . .        a - +0 robe
rPois   .            (no helmet)
rElec   .            c - +2 cloak
rCorr   .            (no gloves)
SInv    .            (no boots)
Will    .....        (no amulet)
Stlth   ++           (no ring)
HPRegen 0.22/turn    (no ring)
MPRegen 0.11/turn

%: no passive effects
@: corroded
A: no striking features
a: no special abilities


You were on level 1 of the Dungeon.
You visited 1 branch of the dungeon, and saw 1 of its levels.

You collected 21 gold pieces.

Inventory:

Hand Weapons
 d - a +0 dagger (weapon)
Armour
 a - a +0 robe (worn)
 c - a +2 cloak (worn)
Scrolls
 e - a scroll of blinking {unknown}
 f - a scroll of revelation
 g - a scroll of poison {unknown}
Potions
 b - a potion of magic
 h - 2 potions of enlightenment {unknown}


   Skills:
 + Level 2.6 Dodging
 + Level 2.6 Stealth
 + Level 3.3 Spellcasting
 + Level 1.1 Conjurations
 + Level 3.7 Alchemy


You had 6 spell levels left.
You knew the following spells:

 Your Spells              Type           Power      Damage    Failure   Level
a - Sting                 Conj/Alch      48%        1d6       5%          1

Your spell library contained the following spells:

 Spells                   Type           Power      Damage    Failure   Level
 Mercury Vapours          Alch/Air       20%        N/A       11%         2
 Mephitic Cloud           Conj/Alch/Air  9%         N/A       22%         3
 Olgreb's Toxic Radiance  Alch           17%        N/A       32%         4
 Sticky Flame             Fire/Alch      10%        2d5       56%         4


Dungeon Overview and Level Annotations

Branches:
Dungeon (1/15)

Altars:
Wu Jian

Shops:
D:1 !


Message History

You kill the ball python!
Aiming: Sting (safe; 5% risk of failure)
Press: ? - help, Q - select action Shift-Dir - straight line
Okay, then.
Aiming: Sting (safe; 5% risk of failure)
Press: ? - help, Q - select action Shift-Dir - straight line, f - you
Okay, then.
The giant cockroach bites you.
You hit the giant cockroach.
The giant cockroach is heavily wounded.
The giant cockroach closely misses you.
Unknown command.
Aiming: Sting (safe; 5% risk of failure)
Press: ? - help, Q - select action Shift-Dir - straight line, f - giant cockroach
Aim: a giant cockroach (heavily wounded, 71% to hit)
The sting misses the giant cockroach.
The giant cockroach barely misses you.
Aiming: Sting (safe; 5% risk of failure)
Press: ? - help, Q - select action Shift-Dir - straight line, f/p - giant cockroach
Aim: a giant cockroach (heavily wounded, 71% to hit)
The sting misses the giant cockroach.
The giant cockroach bites you but does no damage.
You hit the giant cockroach.
You kill the giant cockroach!
HP restored.
A ball python comes into view.
Aiming: Sting (safe; 5% risk of failure)
Press: ? - help, Q - select action Shift-Dir - straight line, f - ball python
Aim: a ball python (asleep, 100% to hit)
The sting hits the ball python.
The ball python is poisoned.
You kill the ball python!
Sifu Yunchang says: Suffer, mortal!
The rancor of the Wu Jian Council corrodes you!
A +2 dire flail of speed, a +0 heavy dire flail and a +2 heavy quarterstaff come into view.
The +0 heavy dire flail hits you!
Ouch! That really hurt!
* * * LOW HITPOINT WARNING * * *
The +2 dire flail of speed hits you!
Ouch! That really hurt!
You die...

#......>..#
............
#.#.......#
............
#.........#
.#######..##
#.........#
#####..##
#.........#
..###........
#.........#
.............
###.........#
###..<.....
#.........(>#
#........
#.........@(#
####..###
#........##(#
#..#
#........# .#
#..#
#.(......# .#
#..#
#........# .#
....
#......... .#
.....
#........##^#
#####
#...##### ..


You could see 3 dancing weapons.

Vanquished Creatures
  2 bats (D:1)
  2 endoplasms (D:1)
  2 giant cockroaches (D:1)
  A hobgoblin (D:1)
  3 ball pythons (D:1)
  A frilled lizard (D:1)
  A kobold (D:1)
12 creatures vanquished.

Notes
Turn   | Place    | Note
-------+----------+-------------------------------------------
     0 | D:1      | Szpic777 the Deep Elf Alchemist began the quest for the
                  | Orb.
     0 | D:1      | Reached XP level 1. HP: 10/10 MP: 6/6
    41 | D:1      | Found a faded altar of an unknown god.
    51 | D:1      | Prayed at the altar of an unknown god.
    51 | D:1      | Became a worshipper of the Wu Jian Council
    51 | D:1      | Reached * piety under Wu Jian
    55 | D:1      | Fell from the grace of Wu Jian
   192 | D:1      | Reached XP level 2. HP: 15/15 MP: 4/8
   267 | D:1      | Found Was Rergh's Distillery.
   334 | D:1      | Noticed a +2 dire flail of speed
   334 | D:1      | Noticed a +0 heavy dire flail
   334 | D:1      | Noticed a +2 heavy quarterstaff
   335 | D:1      | Mangled by a +2 dire flail of speed

Illustrated notes

Levels and vault maps discovered:
D:1:      dpeg_arrival_boxes_within_box, layout_rooms,
          ebering_ecumenical_altar_abandoned, serial_shops, shop,
          minmay_split_cup_large

Action                     || total
---------------------------++-------
  Melee: Dagger            ||    12
         Unarmed           ||     7
   Cast: Sting             ||    18
 Invoke: Renounce Religion ||     1
    Use: Scroll            ||     1
 Armour: Robe              ||    22
  Dodge: Dodged            ||    27

Table legend: (Time is in decaauts)
 A = Elapsed time spent in this place.
 B = Non-inter-level travel time spent in this place.
 C = Inter-level travel time spent in this place.
 D = Time resting spent in this place.
 E = Time spent auto-exploring this place.
 F = Levels seen in this place.
 G = Mean time per level.
                   A        B        C        D        E       F      G
               +--------+--------+--------+--------+--------+-----+--------+
         Total |    334 |    334 |      0 |     53 |    108 |   1 |  334.0 |
       Dungeon |    334 |    334 |      0 |     53 |    108 |   1 |  334.0 |
               +--------+--------+--------+--------+--------+-----+--------+

Top non-repeatable levels by time:
     D:1: 334 daAuts
